 Dungeon Crawl Stone Soup version 0.13.0-29-gdb529de (webtiles) character file.

148 M4edhros the Caller (level 4, -1/27 HPs)
             Began as an Octopode Summoner on Nov 14, 2013.
             Slain by an adder (5 damage)
             ... on Level 2 of the Dungeon.
             The game lasted 00:02:27 (2273 turns).

M4edhros the Caller (Octopode Summoner)             Turns: 2273, Time: 00:02:28

HP  -1/27        AC  1     Str  7      XL: 4   Next: 19%
MP   8/8         EV 12     Int 18      God:
Gold 80          SH  0     Dex 12      Spells:  2 memorised,  3 levels left

Res.Fire  : . . .   See Invis. : .   j - -1,+1 orc dagger (curse)
Res.Cold  : + . .   Warding    : .   (no shield)
Life Prot.: . . .   Conserve   : .   (helmet restricted)
Res.Poison: .       Res.Corr.  : .   (no amulet)
Res.Elec. : .       Clarity    : .   a - ring of protection from cold
Sust.Abil.: . .     Spirit.Shd : .   (no ring)
Res.Mut.  : .       Stasis     : .   (no ring)
Res.Rott. : .       Flight     : .   (no ring)
Saprovore : . . .                    (no ring)
                                     (no ring)
                                     (no ring)
                                     (no ring)

@: mildly poisoned, slightly resistant to hostile enchantments, quite stealthy
A: almost no armour, amphibious, 8 rings, constrict 8, camouflage 1, AC +1
a: no special abilities


You were on level 2 of the Dungeon.
You were very hungry.

You visited 1 branch of the dungeon, and saw 2 of its levels.

You collected 60 gold pieces.

Inventory:

Hand weapons
 e - a +4,+2 elven dagger (quivered)
 j - a cursed -1,+1 orcish dagger (weapon)
Missiles
 i - 20 sling bullets
Comestibles
 c - 2 bread rations
 d - a choko
 f - 2 meat rations
Scrolls
 h - 2 scrolls of fear
 k - a scroll of identify
Jewellery
 a - a ring of protection from cold (left tentacle)
Potions
 g - a potion of curing
Books
 b - a book of Callings

   Spells                             Type                      Level
   *Summon Small Mammal               Summoning                    1
   Call Imp                           Summoning                    2
   *Call Canine Familiar              Summoning                    3
   Summon Scorpions                   Summoning/Poison             4
   Summon Ice Beast                   Ice/Summoning                4


   Skills:
 - Level 2.0 Dodging
 - Level 2.6 Stealth
 + Level 2.3 Spellcasting
 * Level 5.0 Summonings


You had 3 spell levels left.
You knew the following spells:

 Your Spells              Type           Power        Failure   Level  Hunger
a - Summon Small Mammal   Summ           ###.         1%          1    #......
b - Call Canine Familiar  Summ           ###.......   10%         3    ###....


Dungeon Overview and Level Annotations

Branches:
Dungeon (2/27)

Altars:


Innate Abilities, Weirdness & Mutations

You cannot wear most types of armour.
You are amphibious.
You can wear up to eight rings at the same time.
You can use your tentacles to constrict many enemies at once.
Your skin changes colour to match your surroundings (Stlth).
Your rubbery body absorbs attacks (AC +1).


Message History

You closely miss the adder. You grab the adder.
The adder is moderately wounded.
You constrict the adder. The adder bites you.
You are poisoned.
The adder poisons you! The adder bites you. The goblin hits you.
* * * LOW HITPOINT WARNING * * *
You are too injured to fight recklessly!
Unknown command.
You hit the adder.
The adder is heavily wounded.
* * * LOW HITPOINT WARNING * * *
You feel sick.
You constrict the adder. The adder bites you.
* * * LOW HITPOINT WARNING * * *
The goblin misses you.
Unknown command.
You hit the adder.
The adder is severely wounded.
* * * LOW HITPOINT WARNING * * *
You feel sick.
You constrict the adder. The adder bites you.
You die...

#.# #.# #.# #.# ########+
####+#### #...)....
........# #####........
........# ##...'.........
........###..###.........
........#...## #@g.......
........#<### #.S.......
.>......'.# #........
........### #........
........# #........
######### #######+


You could see an adder and a goblin.

Vanquished Creatures
  A gnoll (D:1)
  2 adders (D:2)
  A giant gecko (D:2)
  6 bats (D:1)
  2 giant cockroaches (D:1)
  6 goblins (D:1)
  3 hobgoblins
  6 jackals (D:1)
  4 kobolds (D:1)
  A quokka (D:2)
  A giant newt (D:2)
  6 rats
39 creatures vanquished.

Notes
Turn   | Place    | Note
--------------------------------------------------------------
     0 | D:1      | M4edhros, the Octopode Summoner, began the quest for the Orb.
     0 | D:1      | Reached XP level 1. HP: 11/11 MP: 3/3
     3 | D:1      | Noticed a giant goldfish
     3 | D:1      | Noticed a shark
   323 | D:1      | Reached XP level 2. HP: 12/17 MP: 4/4
  1077 | D:1      | Reached XP level 3. HP: 18/21 MP: 6/6
  1088 | D:1      | Learned a level 3 spell: Call Canine Familiar
  1956 | D:2      | Reached skill level 5 in Summonings
  1956 | D:2      | Reached XP level 4. HP: 3/27 MP: 8/8
  2273 | D:2      | Slain by an adder

Action                   |  1- 3 |  4- 6 || total
-------------------------+-------+-------++-------
Melee: Unarmed           |    28 |       ||    28
       Dagger            |    69 |    16 ||    85
  Use: Scroll            |     5 |       ||     5
       Potion            |       |     1 ||     1
 Stab: Sleeping          |     4 |       ||     4
       Distracted        |       |     1 ||     1
